 Dungeon Crawl Stone Soup version 0.30.0-19-g36f170ea60 (webtiles) character file.

Game seed: 8280578765103668813

55 Irreverend the Trooper (level 3, -5/33 HPs)
             Began as a Minotaur Fighter on June 2, 2023.
             Slain by Robin
             ... wielding a +2 mace of venom
              (8 damage)
             ... on level 2 of the Dungeon.
             The game lasted 00:01:25 (1158 turns).

Irreverend the Trooper (Minotaur Fighter)           Turns: 1158, Time: 00:01:25

Health: -5/33      AC:  7    Str: 22    XL:     3   Next: 67%
Magic:  2/2        EV:  9    Int:  5    God:
Gold:   61         SH:  4    Dex:  9    Spells: 2/2 levels left

rFire   . . .        a - +0 long sword
rCold   . . .        c - +0 buckler
rNeg    . . .        b - +0 scale mail
rPois   .            (helmet restricted)
rElec   .            (no cloak)
rCorr   .            (no gloves)
SInv    .            (no boots)
Will    .....        (no amulet) Stlth
                     (no ring)
HPRegen 0.25/turn    (no ring)
MPRegen 0.08/turn

%: no passive effects
@: lethally poisoned (-5 -> -30)
A: horns 2, retaliatory headbutt
a: no special abilities


You were on level 2 of the Dungeon.
You visited 1 branch of the dungeon, and saw 2 of its levels.

You collected 61 gold pieces.

Inventory:

Hand Weapons
 a - a +0 long sword (weapon)
Armour
 b - a +0 scale mail (worn)
 c - a +0 buckler (worn)
 g - a +0 ring mail
Scrolls
 f - a scroll of noise {unknown}
 j - a scroll of poison {unknown}
 k - a scroll of identify {unknown}
 m - a scroll of vulnerability {unknown}
 n - 2 scrolls of immolation {unknown}
 o - 2 scrolls of teleportation {unknown}
 p - a scroll of amnesia {unknown}
Potions
 d - a potion of might
 e - a potion of attraction {unknown}
 h - a potion of curing {unknown}
 i - a potion of degeneration {unknown}
 l - a potion of mutation {unknown}


   Skills:
 + Level 4.1 Fighting
 * Level 3.6 Long Blades
 + Level 4.1 Armour
 + Level 4.1 Shields


You had 2 spell levels left.
You didn't know any spells.
Your spell library was empty.

Dungeon Overview and Level Annotations

Branches:
Dungeon (2/15)

Altars:

Shops:
D:2 *

Annotations:
D:2 Robin


Innate Abilities, Weirdness & Mutations

You have a pair of horns on your head.
You reflexively headbutt those who attack you in melee.


Message History

You hit Robin but do no damage.
Robin is moderately wounded.
You feel very sick. The hobgoblin closely misses you.
The goblin hits you but does no damage. Robin hits you but does no damage.
You are lethally poisoned!
The goblin shoots a sling bullet.
The sling bullet barely misses you.
You closely miss Robin. Your headbutt misses Robin.
Robin is moderately wounded.
You feel very sick. The hobgoblin hits you.
The goblin hits you with a +0 dagger.
* * * LOW HITPOINT WARNING * * *
Robin hits you but does no damage.
You are more poisoned.
The goblin shoots a sling bullet.
The sling bullet hits you.
* * * LOW HITPOINT WARNING * * *
You are too injured to fight recklessly!
You are too injured to fight recklessly!
You are too injured to fight recklessly!
You are too injured to fight recklessly!
You are too injured to fight recklessly!
You are too injured to fight recklessly!
You are too injured to fight recklessly!
You are too injured to fight recklessly!
You are too injured to fight recklessly!
You are too injured to fight recklessly!
You are too injured to fight recklessly!
You are too injured to fight recklessly!
You are too injured to fight recklessly!
You are too injured to fight recklessly!
You are too injured to fight recklessly!
You are too injured to fight recklessly!
You are too injured to fight recklessly!
You are too injured to fight recklessly!
You are too injured to fight recklessly!
You are too injured to fight recklessly!
You are too injured to fight recklessly!
Unknown command.
Robin attacks as you move away! Robin hits you with a +2 mace of venom!
You die...

# #.# ######
#.#.#.# ##. #
#.# #.#...###..
#
#.#############
#.##..##..# #
#.............#
#.##.....## #
#############.#
#.###...## #
......##.# ##
#..>#
.......#.# ..
#.#.#
......)#.#.##
#.#.#
#.....g@g...#
#.#.#
#...##g#.#..#
#.#.# #
#.#g#### ..#.#
#.#gg ......
#.##### .. ##


You could see Robin, 2 hobgoblins and 3 goblins.

Vanquished Creatures
  An adder (D:2)
  A dart slug (D:1)
  3 bats
  7 endoplasms
  2 giant cockroaches
  5 goblins
  5 hobgoblins
  3 kobolds (D:1)
  2 quokkas (D:1)
  4 ball pythons (D:1)
  A frilled lizard (D:2)
  5 rats
39 creatures vanquished.

Notes
Turn   | Place    | Note
-------+----------+-------------------------------------------
     0 | D:1      | Irreverend the Minotaur Fighter began the quest for the
                  | Orb.
     0 | D:1      | Reached XP level 1. HP: 19/19 MP: 0/0
   130 | D:1      | Reached XP level 2. HP: 27/27 MP: 1/1
   280 | D:1      | Found a faded altar of an unknown god.
   597 | D:1      | Reached XP level 3. HP: 33/33 MP: 2/2
  1060 | D:2      | Found Puyne's Assorted Antiques.
  1146 | D:2      | Noticed Robin
  1158 | D:2      | Slain by Robin

Illustrated notes

Levels and vault maps discovered:
D:1:      lemuel_arrival_cross, layout_loops_ring, basic_ecumenical_altar
D:2:      layout_basic, serial_glass, glass_columns_a, glass_columns_a,
          serial_shops, nicolae_shop_behind_doors, uniq_sigmund, uniq_robin

Skill      XL: |  1  2  3 |
---------------+----------+-----
Long Blades    | 3 |  3.6
Armour         | 4 |  4.1
Fighting       | 4 |  4.1
Shields        | 4 |  4.1

Action                     || total
---------------------------++-------
  Melee: Long sword        ||    78
         Headbutt          ||    11
    Use: Potion            ||     1
 Armour: Scale mail        ||    32
  Dodge: Dodged            ||    40
  Block: Buckler           ||    23
